 Dungeon Crawl Stone Soup version 0.32-a0-909-gc671339a80 (webtiles) character file.

Game seed: 1105906754456674089

1686 Biggs the Skirmisher (level 9, 0/68 HPs)
             Began as a Coglin Hunter on Apr 7, 2024.
             Was a Priest of Okawaru.
             Slain by an orc warrior
             ... wielding a +0 battleaxe
              (14 damage)
             ... in a bailey.
             The game lasted 00:09:24 (4487 turns).

Biggs the Skirmisher (Coglin Hunter)                Turns: 4487, Time: 00:09:24

Health: 0/68       AC:  6    Str: 12    XL:     9   Next: 2%
Magic:  9/9        EV: 13    Int:  9    God:    Okawaru [***...]
Gold:   312        SH:  0    Dex: 21    Spells: 8/8 levels left

rFire   . . .        a - +3 sling (freeze) {Gottfried}
rCold   . . .        d - +0 sling {Magnus}
rNeg    . . .        c - +0 leather armour
rPois   .            t - +0 helmet
rElec   .            y - +0 cloak
rCorr   .            A - +0 pair of gloves
SInv    .            (no boots)
Will    .....        (amulet unavailable)
Stlth   ++           (ring unavailable)
HPRegen 0.31/turn    (ring unavailable)
MPRegen 0.11/turn    (no gizmo)

%: no passive effects
@: revved
A: off-hand wielding, slow wielding, warmup strikes, no jewellery
a: Invent Gizmo, Renounce Religion, Heroism


You were in a bailey.
You worshipped Okawaru.
Okawaru was most pleased with you.
You visited 1 branch of the dungeon, and saw 7 of its levels.
You also visited: Bailey.

You collected 466 gold pieces.
You spent 154 gold pieces at shops.

Inventory:

Hand Weapons
 a - a +3 sling of freezing (weapon) {Gottfried}
 d - a +0 sling (offhand) {Magnus}
Armour
 c - a +0 leather armour (worn)
 t - a +0 helmet (worn)
 y - a +0 cloak (worn)
 A - a +0 pair of gloves (worn)
Wands
 s - a wand of flame (13)
Scrolls
 b - a scroll of butterflies
 e - 5 scrolls of immolation
 g - 2 scrolls of fog
 h - a scroll of summoning
 n - 2 scrolls of noise
 o - 2 scrolls of revelation
 q - 4 scrolls of blinking
 r - 2 scrolls of vulnerability {unknown}
 u - 2 scrolls of fear {unknown}
 w - 2 scrolls of amnesia {unknown}
Potions
 f - a potion of enlightenment {unknown}
 i - 6 potions of curing
 l - a potion of might {unknown}
 m - 3 potions of attraction {unknown}
 v - 2 potions of haste {unknown}
 x - 2 potions of lignification {unknown}
 z - a potion of ambrosia {unknown}
 B - a potion of heal wounds
 C - a potion of mutation {unknown}
 D - a potion of brilliance {unknown}


   Skills:
 - Level 5.0 Fighting
 - Level 9.0 Ranged Weapons
 + Level 4.8 Dodging
 - Level 0.7 Stealth


You had 8 spell levels left.
You didn't know any spells.
Your spell library was empty.

Dungeon Overview and Level Annotations

Branches:
Dungeon (7/15)             Temple (0/1) D:5          Bailey (1/1)

Altars:
Ashenzari
Hepliaklqana
Okawaru
Uskayaw

Shops:
D:3 (   D:5 !


Innate Abilities, Weirdness & Mutations

You can wield a second weapon in your off-hand.
It takes a long time for you to wield or remove held weapons.
Your first few attacks do less damage.
You cannot equip rings or amulets.


Message History

The sling bullet hits the goblin.
The sling bullet freezes the goblin.
You kill the goblin!
Okawaru accepts your kill.
You shoot a sling bullet.
The sling bullet hits the orc warrior but does no damage.
The orc warrior is heavily wounded.
The orc warrior hits you with a +0 battleaxe!
You are too injured to fight recklessly!
You are too injured to fight recklessly!
Unknown command.
You are too injured to fight recklessly!
Unknown command.
You are too injured to fight recklessly!
Unknown command.
You are too injured to fight recklessly!
Unknown command.
You shoot a sling bullet.
The sling bullet barely misses the orc warrior.
You shoot a sling bullet.
The sling bullet hits the orc warrior but does no damage.
The orc warrior is heavily wounded.
The orc warrior hits you with a +0 battleaxe!
You shoot a sling bullet. The sling bullet hits the orc warrior.
The orc warrior is severely wounded.
You shoot a sling bullet.
The sling bullet closely misses the orc warrior.
The orc warrior misses you.
You shoot a sling bullet.
The sling bullet barely misses the orc warrior.
You shoot a sling bullet.
The sling bullet closely misses the orc warrior.
The orc warrior hits you with a +0 battleaxe!
* * * LOW HITPOINT WARNING * * *
You shoot a sling bullet. The sling bullet hits the orc warrior!
The sling bullet freezes the orc warrior.
The orc warrior is almost dead.
You shoot a sling bullet.
The sling bullet barely misses the orc warrior.
The orc warrior hits you with a +0 battleaxe!
You die...

#.....)......
#..⌠..)......
#.....'......
#.....#.~≈≈≈≈
####++#.~≈≈≈≈
... #.~≈≈≈≈
.... #.~≈≈≈≈
###########...#
###≈≈≈≈
#...))o@ß.ß.ß.#
#≈≈≈≈
'.....#..)....#
#≈≈≈≈ #####
######### #≈≈≈≈
#≈≈≈≈ #≈≈≈≈


You could see an orc warrior.

Vanquished Creatures
  2 orc warriors (Bailey)
  An ice beast (D:6)
  2 black bears
  An ogre (D:6)
  A centaur (D:5)
  2 bullfrogs (D:7)
  2 scorpions (D:5)
  5 bombardier beetles
  3 jellies
  2 hounds
  Crazy Yiuf (D:2)
  3 orc priests
  A sleepcap (D:5)
  4 orc wizards
  Robin (D:3)
  2 gnolls (Bailey)
  3 adders
  A white imp (D:6)
  6 dart slugs
  3 ribbon worms
  26 orcs
  10 ball pythons
  6 bats
  12 endoplasms
  3 giant cockroaches
  25 goblins
  15 hobgoblins
  2 jackals (D:2)
  8 kobolds
  6 quokkas
  3 frilled lizards
  8 rats
170 creatures vanquished.

Vanquished Creatures (others)
  A goblin (D:3)
1 creature vanquished.

Grand Total: 171 creatures vanquished

Notes
Turn   | Place    | Note
-------+----------+-------------------------------------------
     0 | D:1      | Biggs the Coglin Hunter began the quest for the Orb.
     0 | D:1      | Reached XP level 1. HP: 16/16 MP: 1/1
    26 | D:1      | Reached skill level 4 in Ranged Weapons
    26 | D:1      | Reached XP level 2. HP: 22/22 MP: 2/2
   221 | D:1      | Reached XP level 3. HP: 27/27 MP: 3/3
   681 | D:2      | Reached skill level 5 in Ranged Weapons
   743 | D:2      | Reached XP level 4. HP: 33/33 MP: 4/4
   768 | D:2      | Found a runed translucent door.
   769 | D:2      | Noticed Crazy Yiuf
  1182 | D:3      | Reached XP level 5. HP: 38/38 MP: 5/5
  1186 | D:3      | Noticed Robin
  1197 | D:3      | Killed Robin
  1399 | D:3      | Found Zute's Weapon Shop.
  1512 | D:3      | Reached skill level 6 in Ranged Weapons
  1560 | D:3      | Found an iron altar of Okawaru.
  1576 | D:3      | Became a worshipper of Warmaster Okawaru
  1878 | D:4      | Identified the +0 ring mail "Kasam" {Rampage rElec rC++
                  | Str-2}
  1908 | D:4      | Reached XP level 6. HP: 44/44 MP: 6/6
  1929 | D:4      | Noticed a black bear
  1934 | D:4      | Killed a black bear
  1988 | D:4      | Reached skill level 7 in Ranged Weapons
  2185 | D:4      | Reached XP level 7. HP: 42/50 MP: 7/7
  2506 | D:2      | Killed Crazy Yiuf
  2506 | D:2      | Reached * piety under Okawaru
  2669 | D:5      | Entered Level 5 of the Dungeon
  2754 | D:5      | Reached skill level 8 in Ranged Weapons
  2868 | D:5      | Found a staircase to the Ecumenical Temple.
  2875 | D:5      | Identified the +5 war axe "Mukar" {venom, Str+2 Int+3 SInv}
  3023 | D:5      | Reached XP level 8. HP: 53/56 MP: 8/8
  3056 | D:5      | Found Ajaunaoh's Distillery.
  3068 | D:5      | Bought a potion of heal wounds for 70 gold pieces
  3068 | D:5      | Bought a potion of curing for 42 gold pieces
  3068 | D:5      | Bought a potion of curing for 42 gold pieces
  3118 | D:5      | Found a hide-covered altar of Uskayaw.
  3250 | D:5      | Reached skill level 9 in Ranged Weapons
  3261 | D:5      | Found a broken altar of Ashenzari.
  3590 | D:6      | Reached ** piety under Okawaru
  3959 | D:6      | Found a hazy altar of Hepliaklqana.
  4214 | D:7      | Reached skill level 5 in Fighting
  4289 | D:7      | Found a flagged portal.
  4306 | Bailey   | Entered a bailey
  4387 | Bailey   | Noticed an orc knight
  4427 | Bailey   | Reached *** piety under Okawaru
  4480 | Bailey   | Reached XP level 9. HP: 61/68 MP: 9/9
  4487 | Bailey   | Slain by an orc warrior

Illustrated notes

Levels and vault maps discovered:
D:1:      dpeg_arrival_shelter, layout_rooms, st_stairs_14,
          minmay_misc_feat_doors, minmay_misc_feat_square
D:2:      layout_rooms, serial_forest, infiniplex_forest_end_3,
          infiniplex_forest_clump_double, infiniplex_forest_end_3,
          infiniplex_forest_clump_diagonal, infiniplex_forest_lined_ring,
          infiniplex_forest_pool, uniq_crazy_yiuf_cottage
D:3:      layout_basic, kennysheep_okawaru_gauntlet, serial_shops,
          nicolae_shop_tiny_glass, minmay_mini_jars, uniq_robin
D:4:      layout_basic
D:5:      layout_loops_ring, mainiacjoe_overflow_tiny_flanked,
          lemuel_coloured_pillars_altar, minmay_temple_entry_large_hall,
          serial_shops, nicolae_shop_gibbet_a_chance
D:6:      layout_loops_cross, worldfamousw_hep_ancestral_shrine
D:7:      layout_basic, nicolae_elyvilon_temple_path, serial_shops,
          nicolae_shop_trees, enter_bailey_4, minmay_holes
Bailey:   bailey_axe_of_yendor_kennysheep, bailey

Skill      XL: |  1  2  3  4  5  6  7  8 |
---------------+-------------------------+-----
Ranged Weapons | 4 5 6 7 8 9 |  9.0
Fighting       | 5 |  5.0
Dodging        | 4 |  4.8
Stealth        | |  0.7

Action                     |  1- 3 |  4- 6 |  7- 9 || total
---------------------------+-------+-------+-------++-------
   Fire: Sling             |   166 |   254 |   412 ||   832
    Use: Scroll            |       |     7 |     7 ||    14
 Armour: Leather armour    |       |    27 |    55 ||    82
  Dodge: Dodged            |     7 |    29 |    34 ||    70

Table legend: (Time is in decaauts)
 A = Elapsed time spent in this place.
 B = Non-inter-level travel time spent in this place.
 C = Inter-level travel time spent in this place.
 D = Time resting spent in this place.
 E = Time spent auto-exploring this place.
 F = Levels seen in this place.
 G = Mean time per level.
                   A        B        C        D        E       F      G
               +--------+--------+--------+--------+--------+-----+--------+
         Total |   4528 |   4151 |    377 |     95 |   3247 |   8 |  566.0 |
       Dungeon |   4348 |   3971 |    377 |     54 |   3185 |   7 |  621.1 |
        Bailey |    180 |    180 |      0 |     41 |     62 |   1 |  180.0 |
               +--------+--------+--------+--------+--------+-----+--------+

Top non-repeatable levels by time:
     D:4: 886 daAuts
     D:5: 748 daAuts
     D:6: 728 daAuts
     D:2: 701 daAuts
     D:3: 695 daAuts
     D:1: 425 daAuts
  Bailey: 180 daAuts
     D:7: 162 daAuts
